Map: 2000 Atmospheres LE

Players

ftwoamove - Winner!

  • Race: Terran Terran
  • League: Platinum
  • Spawn Location: 7:00

VOD

Have the link to the VOD?

Description

Time

  • Played on: May 28, 2022, 8:40 a.m.
  • Length: 18:11
Show
View Real Time Build Order
Export as new Build Order

ftwoamove Terran - Winner!

Build Orders:  

Get SALT Encoding   

  12  0:00  SCV  
  13  0:17  SCV  
  14  0:24  Supply Depot  
  14  0:34  SCV  
  15  0:54  SCV  
  15  0:56  Barracks  
  16  1:04  Refinery  
  16  1:11  SCV  
  17  1:28  SCV  
  18  1:45  SCV  
  19  2:04  Orbital Command  
  19  2:10  Marine  
  20  2:26  Command Center  
  20  2:42  Supply Depot  
  20  2:51  SCV  
  21  3:04  Factory  
  21  3:07  SCV  
  22  3:12  Barracks Reactor  
  22  3:24  SCV  
  23  3:41  SCV  
  23  3:47  Supply Depot  
  24  3:58  SCV  
  25  4:02  Refinery  
  25  4:15  SCV  
  25  4:16  Factory Tech Lab  
  25  4:19  Orbital Command  
  26  4:21  Bunker  
  26  4:26  Marine  
  26  4:27  Marine  
  28  4:32  SCV  
  28  4:36  Supply Depot, Barracks  
  29  4:44  Siege Tank  
  29  4:49  SCV  
  33  5:03  SCV  
  33  5:06  SCV  
  35  5:16  Marine x2  
  37  5:20  SCV  
  37  5:23  SCV  
  39  5:31  Supply Depot  
  39  5:37  SCV, Siege Tank  
  43  5:40  SCV  
  43  5:45  Barracks Tech Lab  
  44  5:50  Starport  
  44  5:54  Marine, SCV  
  44  5:55  Marine  
  44  5:57  Stimpack, SCV  
  48  6:11  SCV  
  48  6:14  SCV  
  48  6:18  Supply Depot  
  50  6:28  Supply Depot, SCV  
  51  6:30  Marauder  
  51  6:31  SCV  
  51  6:34  Marine  
  51  6:35  Marine  
  56  6:45  SCV, Refinery  
  56  6:47  Refinery  
  56  6:48  SCV  
  58  6:58  Starport Reactor  
  58  6:59  Marine  
  59  7:00  Marine  
  59  7:01  SCV  
  59  7:05  SCV  
  62  7:10  Supply Depot  
  62  7:13  Supply Depot  
  62  7:18  SCV  
  63  7:20  Command Center  
  63  7:21  Marine  
  63  7:22  SCV  
  63  7:24  Marine  
  66  7:35  SCV  
  66  7:37  Engineering Bay x2  
  67  7:46  SCV  
  67  7:48  Marine x2  
  67  7:49  Marine  
  71  7:51  Medivac  
  71  7:52  SCV  
  74  8:03  SCV  
  75  8:13  Marine, SCV  
  75  8:19  Supply Depot  
  77  8:20  Supply Depot, SCV  
  77  8:25  Marine x2  
  77  8:27  Medivac  
  82  8:38  Marine  
  83  8:40  Barracks  
  83  8:41  Barracks  
  83  8:43  Barracks  
  83  8:47  Terran Infantry Weapons Level 1  
  83  8:49  Terran Infantry Armor Level 1  
  82  8:50  Marine x2  
  82  8:56  Unknown  
  84  9:03  Marine  
  85  9:15  Marine x2  
  87  9:39  SCV x2  
  89  9:41  Marine x3  
  89  9:44  Siege Tank  
  89  9:45  Medivac x2  
  99  9:56  SCV x2  
  101  10:14  Orbital Command  
  101  10:16  Marine x2  
  101  10:18  Barracks Tech Lab  
  105  10:23  Barracks Reactor  
  105  10:25  Barracks Reactor  
  105  10:27  Medivac x2  
  105  10:29  Siege Tank  
  110  10:52  Concussive Shells  
  110  10:54  SCV x3  
  110  10:56  Marine x4  
  117  11:04  Armory  
  117  11:11  SCV x3  
  117  11:14  Siege Tank  
  117  11:15  Medivac x2  
  127  11:21  Marine x4  
  127  11:24  Command Center  
  127  11:26  Refinery  
  127  11:28  Refinery  
  131  11:36  Marine x2  
  133  11:45  Supply Depot  
  133  12:06  Marine  
  133  12:12  Marine  
  133  12:13  Marine  
  133  12:15  Marine x5, Medivac  
  136  12:20  SCV x3  
  135  12:31  Marine  
  135  12:37  Marine, SCV  
  135  12:38  Marine  
  135  12:40  Marine x5  
  135  12:52  SCV x2  
  135  12:54  SCV  
  135  12:56  Marine  
  139  13:02  Marine  
  139  13:03  Marine  
  139  13:04  Thor, Medivac x2  
  139  13:05  Marine x5  
  156  13:20  Supply Depot  
  156  13:21  Terran Vehicle Weapons Level 1  
  156  13:24  Supply Depot  
  156  13:27  Supply Depot  
  156  13:32  Supply Depot  
  156  13:50  Marine x5, SCV x3  
  156  13:51  Terran Infantry Weapons Level 2  
  156  13:52  Terran Infantry Armor Level 2  
  156  13:54  Marine x3, Medivac  
  169  14:04  Thor  
  169  14:05  Siege Tank  
  169  14:06  Siege Tank x2  
  175  14:10  Barracks  
  175  14:14  Command Center  
  175  14:15  Barracks, Marine x3  
  175  14:17  Barracks  
  175  14:19  Marine x2  
  178  15:03  Thor  
  178  15:04  Planetary Fortress  
  178  15:07  SCV x3  
  187  15:14  Marine, Refinery  
  187  15:16  Refinery  
  188  15:21  Supply Depot  
  188  15:40  Siege Tank  
  188  15:51  Marine x5, SCV x3  
  188  15:53  Supply Depot  
  192  16:04  Marine x4  
  192  16:05  Marine x2  
  192  16:08  SCV, Siege Tank  
  192  16:09  Medivac  
  200  16:58  Siege Tank  
  198  17:34  Marine x2  
Tags
 
Add a new tag
Caveats
  • Supply blocks, unpowered buildings, or Contaminate may cause inaccurate times.
  • Supply counts are checked every 10 seconds.